AoeStats
← CORP_pykachu

Arabia

503772661Analyzed
1v1 RM · 2mo ago on Sep 2, 2026· 37m 12s· 2 players
Game mode
Random Map
Map size
Tiny (2 player)
Population
200
Speed
Normal
Resources
Standard
Victory
Conquest
Starting age
Dark Age
Ending age
Imperial Age
RankedLock teamsTeams togetherTeam positionsShared explorationLock speedFull tech treeHidden civsTurbo modeCheats
Victory
Defeat
🇦🇷 Cumans · Argentina
1267
+17
vs
🇫🇷 Jurchens · France
1284
-17
CORP_pykachu
6:41 Loom
9:05 Feudal Age
21:29 Castle Age
20:21 Stone Mining
20:34 Double-Bit Axe
24:45 Gold Mining
25:11 Bow Saw
25:51 Wheelbarrow
27:11 Bloodlines
31:32 Scale Barding Armor
34:24 Imperial Age
33:51 Forging
36:03 Cavalier
38:10 Iron Casting
38:09 Conscription
Cryptomage
5:58 Loom
9:15 Feudal Age
18:08 Horse Collar
19:01 Double-Bit Axe
22:04 Castle Age
21:06 Bloodlines
21:55 Fletching
22:05 Padded Archer Armor
22:18 Crossbowman
23:21 Husbandry
26:28 Bodkin Arrow
28:26 Leather Archer Armor
31:23 Gold Mining
31:53 Bow Saw
34:06 Ballistics
38:26 Imperial Age
Connection lost

Rejoining the realm…

Still unreachable

The connection could not be restored.

Session expired

The server has moved on; the page needs a fresh start.